General information
- name: noob
- type: Custom game
- host: SunshineRainbow
- saver: SunshineRainbow
map: EchoIsles
- players: 2
- length: 13:16
- speed: Fast
- version: 1.24 W3XP
- replay type: Public
» download(43 KB)
Players
team 1 (winner)

»
SunshineRainbow (
pink | 81 APM | 1080 actions | 13:16)
4 Dreadlord
2 Sleep
2 Vampiric Aura
3 Death Knight
2 Death Coil
1 Unholy Aura
» actions
| Assign group hotkey | 21 | |
| Basic commands | 66 | |
| Build / train | 51 | |
| Enter build submenu | 27 | |
| Enter hero's abilities submenu | 7 | |
| Give item / drop item | 2 | |
| Right click | 415 | |
| Select / deselect | 287 | |
| Select group hotkey | 144 | |
| Use ability | 60 | |
1080 total
» units
» upgrades
| Cannibalize | 1 | |
| Unholy Strength | 1 | |
| Creature Attack | 1 | |
| Ghoul Frenzy | 1 | |
| Unholy Armor | 1 | |
5 total
» buildings
| Altar of Darkness | 1 | |
| Crypt | 3 | |
| Ziggurat | 6 | |
| Tomb of Relics | 3 | |
| Halls of the Dead | 1 | |
| Nerubian Tower | 1 | |
| Black Citadel | 1 | |
| Necropolis | 1 | |
| Graveyard | 1 | |
18 total
» build order
00:06 Altar of Darkness
00:11 Crypt
00:24 Ziggurat
00:54 Tomb of Relics
00:58 Ziggurat
01:18 Tomb of Relics
03:06 Halls of the Dead
03:23 Nerubian Tower
04:05 Ziggurat
05:59 Black Citadel
06:28 Necropolis
07:04 Ziggurat
09:19 Graveyard
09:25 Crypt
09:26 Crypt
10:23 Ziggurat
10:24 Ziggurat
12:03 Tomb of Relics
» items
| Rod of Necromancy | 1 | |
| Dust of Appearance | 2 | |
| Circlet of Nobility | 1 | |
| Potion of Greater Mana | 1 | |
| Ring of Protection +2 | 1 | |
6 total
team 2 (loser)
Blackslayer (
gray | 69 APM | 917 actions | 13:15)
3 Death Knight
2 Death Coil
1 Death Pact
1 Lich
1 Frost Nova
» actions
| Assign group hotkey | 29 | |
| Basic commands | 5 | |
| Build / train | 42 | |
| Enter build submenu | 13 | |
| Enter hero's abilities submenu | 5 | |
| Remove unit from queue | 3 | |
| Right click | 355 | |
| Select / deselect | 172 | |
| Select group hotkey | 212 | |
| Use ability | 81 | |
917 total
» units
| Acolyte | 2 | |
| Ghoul | 2 | |
| Crypt Fiend | 5 | |
| Gargoyle | 5 | |
| Obsidian Statue | 3 | |
17 total
» upgrades
| Creature Attack | 1 | |
| Burrow | 1 | |
| Unholy Strength | 2 | |
4 total
» buildings
| Graveyard | 1 | |
| Crypt | 2 | |
| Altar of Darkness | 1 | |
| Ziggurat | 3 | |
| Tomb of Relics | 1 | |
| Halls of the Dead | 1 | |
| Nerubian Tower | 1 | |
| Slaughterhouse | 1 | |
| Black Citadel | 1 | |
12 total
» build order
00:06 Graveyard
00:10 Crypt
00:47 Altar of Darkness
01:02 Ziggurat
01:28 Tomb of Relics
02:08 Ziggurat
03:44 Halls of the Dead
05:24 Ziggurat
05:59 Nerubian Tower
06:20 Slaughterhouse
08:30 Black Citadel
10:05 Crypt
» items
| Rod of Necromancy | 2 | |
| Dust of Appearance | 1 | |
| Potion of Healing | 2 | |
| Orb of Corruption | 1 | |
| Potion of Mana | 1 | |
7 total
Chat log
(00:02 / All) SunshineRainbow: -.-''
(01:28 / All) SunshineRainbow: ich bin ein prospeiler btw
(01:39 / All) Blackslayer: ich ach ^^
(01:43 / All) SunshineRainbow: du bist ein noob ja? ^^^^
(01:47 / All) Blackslayer: u2
(01:54 / All) Blackslayer: fängt erst heute an
(01:57 / All) SunshineRainbow: -.-
(02:03 / All) Blackslayer: macht dann auf ticke hosse
(02:09 / All) SunshineRainbow: rofl
(02:18 / All) Blackslayer: xD
(02:19 / All) Blackslayer: ^^
(03:30 / All) Blackslayer: wie alt beist du ?ß
(03:45 / All) SunshineRainbow: xlord
(03:54 / All) Blackslayer: besde ud spieler
(03:54 / All) SunshineRainbow: ein pro
(03:57 / All) SunshineRainbow: ja
(04:02 / All) SunshineRainbow: besde deutsche
(04:06 / All) Blackslayer: der heißt jetz aber anderst
(04:19 / All) SunshineRainbow: was
(04:23 / All) Blackslayer: stimmpt besde ist happy
(04:29 / All) SunshineRainbow: happy noob lol
(04:31 / All) Blackslayer: ahhhhhhhhh
(04:48 / All) Blackslayer: falsch geskillt
(04:56 / All) SunshineRainbow: T_T
(04:58 / All) SunshineRainbow: was skill?
(05:07 / All) Blackslayer: ahahha dann weisde ja mein hero
(05:11 / All) SunshineRainbow: rofl
(05:14 / All) Blackslayer: death pact
(05:14 / All) SunshineRainbow: noob ^^
(05:16 / All) SunshineRainbow: ahaha
(05:35 / All) Blackslayer: sollen wier freunde wedern ?ß
(05:50 / All) SunshineRainbow: hmm?
(07:31 / All) SunshineRainbow: ^^
(08:07 / All) SunshineRainbow: ;)
(08:24 / All) Blackslayer: kk du beist kein noob
(08:28 / All) SunshineRainbow: danke
(09:30 / All) Blackslayer: das ist ja mall imba
(09:35 / All) Blackslayer: wie viel skill du hast
(09:36 / All) Blackslayer: omg
(09:38 / All) SunshineRainbow: haha ^^
(10:49 / All) Blackslayer: da sist ein gg
(10:52 / All) SunshineRainbow: =)
(10:53 / All) SunshineRainbow: gg
(12:59 / All) Blackslayer: ahhhhhhhhhh
(13:00 / All) Blackslayer: gg
(13:02 / All) SunshineRainbow: gg
(13:11 / All) Blackslayer: ne fg
(13:12 / All) Blackslayer: ^^